 Dungeon Crawl Stone Soup version 0.31-a0-1025-g2e47921a08 (webtiles) character file.

Game seed: 4474131488554602653

28 kae the Vexing (level 2, -1/19 HPs)
             Began as a Demonspawn Enchanter on Nov 17, 2023.
             Killed from afar by Sigmund (11 damage)
             ... with a puff of flame
             ... on level 2 of the Dungeon.
             The game lasted 00:01:09 (964 turns).

kae the Vexing (Demonspawn Enchanter)                Turns: 964, Time: 00:01:09

Health: -1/19      AC:  4    Str:  8    XL:     2   Next: 96%
Magic:  4/5        EV: 12    Int: 16    God:
Gold:   45         SH:  0    Dex: 13    Spells: 3/5 levels left

rFire   . . .        a - +1 dagger (flame)
rCold   . . .        (no shield)
rNeg    . . .        b - +0 robe
rPois   .            (no helmet)
rElec   .            (no cloak)
rCorr   .            (no gloves)
SInv    .            (no boots)
Will    .....        g - amulet of regeneration
Stlth   ++           (no ring)
HPRegen 1.03/turn    (no ring)
MPRegen 0.09/turn

%: no passive effects
@: no status effects
A: slimy green scales 1
a: no special abilities


You were on level 2 of the Dungeon.
You visited 1 branch of the dungeon, and saw 2 of its levels.

You collected 45 gold pieces.


Innate Abilities, Weirdness & Mutations

You are partially covered in slimy green scales. (AC +2)


   Skills:
 * Level 1.7 Short Blades
 - Level 1.7 Dodging
 + Level 2.9 Stealth
 + Level 2.2 Spellcasting
 + Level 3.3 Hexes
 + Level 0.1 Ice Magic


You had 3 spell levels left.
You knew the following spells:

 Your Spells              Type           Power      Damage    Failure   Level
a - Ensorcelled Hibernat  Hex/Ice        14%        N/A       16%         2

Your spell library contained the following spells:

 Spells                   Type           Power      Damage    Failure   Level
 Confusing Touch          Hex            12%        N/A       16%         3
 Tukima's Dance           Hex            12%        N/A       16%         3
 Summon Small Mammal      Summ           4%         N/A       21%         1
 Passwall                 Tmut/Erth      0%         N/A       30%         2
 Dazzling Flash           Conj/Hex       14%        N/A       30%         3
 Summon Guardian Golem    Hex/Summ       7%         N/A       30%         3
 Call Canine Familiar     Summ           1%         N/A       52%         3
 Hailstorm                Conj/Ice       2%         3d3       52%         3
 Swiftness                Air            1%         N/A       52%         3
 Volatile Blastmotes      Fire/Tloc      2%         2d10      52%         3
 Fulminant Prism          Conj/Hex       3%         3d5       71%         4
 Summon Ice Beast         Ice/Summ       2%         N/A       89%         4
 Iskenderun's Mystic Bla  Conj/Tloc      1%         2d3       90%         4
 Simulacrum               Ice/Necr       1%         N/A       100%        6

Inventory:

Hand Weapons
 a - a +1 dagger of flaming (weapon)
Missiles
 d - 16 stones
Armour
 b - a +0 robe (worn)
Magical Staves
 l - a staff of poison {!a}
   (You found it on level 1 of the Dungeon)
Jewellery
 g - an amulet of regeneration (around neck)
   (You found it on level 1 of the Dungeon)
Scrolls
 e - a scroll of torment {!r}
Potions
 c - 2 potions of invisibility
 k - a potion of ambrosia {unknown}

Dungeon Overview and Level Annotations

Branches:
Dungeon (2/15) Zot: 11025

Altars:

Shops:
D:1 (

Annotations:
D:2 Sigmund

.# ## .# .. .##### ##
########......
#.......# #.#####.#
#.# #.# #.# #.#
########.## #@#
#.....†...####.{..<#
.####..#............)
##...########.###
##.## # #.#
#.######.# #.#......#
#.#.######


There were no monsters in sight!


Message History

A kobold is nearby!
You closely miss the kobold. The kobold barely misses you.
You closely miss the kobold. The kobold misses you.
A kobold is nearby!
You hit the kobold. You burn the kobold.
You kill the kobold!
No target in view!
A rat comes into view.
You see here a +0 club.
A rat is nearby!
You closely miss the rat. The rat closely misses you.
You hit the rat. You burn the rat.
You kill the rat!
You pick up a book of the Tundra and begin reading...
You add the spells Hailstorm, Summon Ice Beast and Simulacrum to your library.
No target in view!
No target in view!
You see here a +0 club.
You see here a rat corpse.
A quokka comes into view.
The quokka closely misses you.
A quokka is nearby!
A quokka is nearby!
You closely miss the quokka. The quokka bites you.
You barely miss the quokka. The quokka barely misses you.
You hit the quokka. You burn the quokka. The quokka barely misses you.
You closely miss the quokka. The quokka barely misses you.
A quokka is nearby!
A quokka is nearby!
You hit the quokka. You burn the quokka.
You kill the quokka!
No target in view!
A giant cockroach comes into view.
A giant cockroach is nearby!
A ball python comes into view.
The giant cockroach bites you but does no damage.
A giant cockroach is nearby!
You hit the giant cockroach but do no damage.
The giant cockroach closely misses you.
You hit the giant cockroach. You burn the giant cockroach.
You kill the giant cockroach!
The ball python hisses angrily.
You hear a shout!
A ball python is nearby!
The ball python bites you but does no damage.
The ball python barely misses you.
Sigmund the Dreaded comes into view.
He is wielding a +0 scythe.
You hit the ball python. You burn the ball python.
You kill the ball python!
Sigmund barely misses you.
Casting: Ensorcelled Hibernation (safe; 16% risk of failure)
Confirm with . or Enter, or press ? or * to list all spells.
Aiming: Ensorcelled Hibernation (safe; 16% risk of failure)
Press: ? - help, Shift-Dir - straight line, f - Sigmund
Aim: Sigmund, wielding a +0 scythe and wearing a +0 robe (chance to affect: 50%) Sigmund looks drowsy... 😎 MP[-2]
You lost 2 mp, and now have 3/5 mp.
Found a flail.
Found a stone staircase leading up.
The helpless Sigmund fails to defend himself.
You puncture Sigmund! You burn Sigmund. Sigmund barely misses you.
You aren't carrying any items that you can evoke.
Unknown command.
Okay, then.
You barely miss Sigmund. You barely miss Sigmund. Sigmund barely misses you.
Unknown command.
You barely miss Sigmund. Your punch misses Sigmund.
You hit Sigmund but do no damage. Sigmund barely misses you.
You barely miss Sigmund.
Sigmund casts a spell.
Sigmund flickers and vanishes!
Deactivating autopickup; reactivate with Ctrl-A.
You miss something. Something hits you. 😕 HP[-1]
You take 1 damage, and now have 18/19 hp.
You hit something but do no damage. 😎 HP[+1]
Your hp is fully restored (19).
You hit something but do no damage. Something hits you. 😮 HP[-5] MP[+1]
You take 5 damage, and now have 14/19 hp.
MASSIVE DAMAGE!! (PAUSE)
You hit something. You burn something. 😕 HP[+1]
You hit something. You burn something. Something hits you. 😮 HP[-3]
You take 3 damage, and now have 12/19 hp.
You closely miss something.
You hear some strange, mumbled words.
A magic dart appears from out of thin air!
The magic dart hits you.
* * * LOW HITPOINT WARNING * * *
😨 HP[-3]
You take 3 damage, and now have 9/19 hp.
You miss something.
You hear some strange, mumbled words.
A puff of flame appears from out of thin air!
The puff of flame hits you!
Ouch! That really hurt!
You die...

Skill      XL: |  1 |
---------------+----+-----
Short Blades   | 1 |  1.7
Dodging        | |  1.7
Stealth        | |  2.9
Spellcasting   | |  2.2
Hexes          | |  3.3
Ice Magic      | |  0.1

Action                     || total
---------------------------++-------
  Melee: Dagger            ||   109
   Cast: Ensorcelled Hiber ||     5
    Use: Scroll            ||     5
         Potion            ||     1
   Stab: Sleeping          ||     5
 Armour: Robe              ||    46
  Dodge: Dodged            ||    70

Levels and vault maps discovered:
D:1:      lightli_arrival_farm, layout_basic, serial_shops,
          nicolae_shop_hallway_plus, shapermc_ecumenical_altar_gd
D:2:      layout_loops_ring, basic_altar, serial_shops, nicolae_shop_mannequins,
          minivault_5, uniq_robin, uniq_sigmund

Notes
Turn   | Place    | Note
-------+----------+-------------------------------------------
     0 | D:1      | kae the Demonspawn Enchanter began the quest for the Orb.
     0 | D:1      | Reached XP level 1. HP: 13/13 MP: 3/3
     0 | D:1      | magus.rc [v1.11.3]
    39 | D:1      | Reached skill level 1 in Short Blades
    87 | D:1      | Gained mutation: You are partially covered in slimy green
                  | scales. (AC +2) [demonic ancestry]
    87 | D:1      | Reached XP level 2. HP: 13/19 MP: 5/5
   100 | D:1      | You pick up a book of Callings and begin reading...
   100 | D:1      | You add the spells Summon Small Mammal, Call Canine
                  | Familiar and Summon Guardian Golem to your library.
   156 | D:1      | Learned a level 2 spell: Ensorcelled Hibernation
   223 | D:1      | Found a faded altar of an unknown god.
   368 | D:1      | HP: 3/19 [hobgoblin (4)]
   380 | D:1      | HP: 3/19 [ball python (3)]
   489 | D:1      | You pick up a book of Burglary and begin reading...
   489 | D:1      | You add the spells Passwall and Swiftness to your library.
   504 | D:1      | Found Upaitep's Antique Weapon Shoppe.
   830 | D:2      | You pick up a book of Blasting and begin reading...
   830 | D:2      | You add the spells Volatile Blastmotes, Fulminant Prism and
                  | Iskenderun's Mystic Blast to your library.
   896 | D:2      | You pick up a book of the Tundra and begin reading...
   896 | D:2      | You add the spells Hailstorm, Summon Ice Beast and
                  | Simulacrum to your library.
   948 | D:2      | Noticed Sigmund
   964 | D:2      | Killed from afar by Sigmund

Vanquished Creatures
  A dart slug (D:1)
  A bat (D:1)
  An endoplasm (D:1)
  3 giant cockroaches
  2 hobgoblins (D:1)
  4 jackals (D:1)
  A kobold (D:2)
  2 quokkas (D:2)
  3 ball pythons
  2 frilled lizards
  2 rats
22 creatures vanquished.

Table legend:
 A = Non-vault XP
 B = Vault XP
 C = Vault XP percentage of total XP
 D = Non-vault monster count
 E = Vault monster count
 F = Vault count percentage of total count
                 A         B        C        D         E       F
            +---------+---------+-------+---------+---------+-------
      Total |      40 |       0 |   0.0 |      22 |       0 |   0.0
            +---------+---------+-------+---------+---------+-------
        D:1 |      28 |       0 |   0.0 |      15 |       0 |   0.0
        D:2 |      12 |       0 |   0.0 |       7 |       0 |   0.0
            +---------+---------+-------+---------+---------+-------

Skill      XL: |  1 |
---------------+----+-----
Short Blades   | 1 |  1.7
Dodging        | |  1.7
Stealth        | |  2.9
Spellcasting   | |  2.2
Hexes          | |  3.3
Ice Magic      | |  0.1

Action                     || total
---------------------------++-------
  Melee: Dagger            ||   109
   Cast: Ensorcelled Hiber ||     5
    Use: Scroll            ||     5
         Potion            ||     1
   Stab: Sleeping          ||     5
 Armour: Robe              ||    46
  Dodge: Dodged            ||    70

Illustrated notes

Table legend:
 A = Kills in this place as a percentage of kills in the entire game.
 B = Kills by you in this place as a percentage of kills by you in the entire game.
 C = Kills by friends in this place as a percentage of kills by friends in the entire game.
 D = Other kills in this place as a percentage of other kills in the entire game.
 E = Experience gained in this place as a percentage of experience gained in the entire game.
 F = Experience gained in this place divided by the number of levels of this place that you have seen.
                   A       B       C       D       E      F
               +-------+-------+-------+-------+-------+----------------------
         Total | 100.0 | 100.0 |   N/A |   N/A | 100.0 |  20.0
       Dungeon | 100.0 | 100.0 |   N/A |   N/A | 100.0 |  20.0
               +-------+-------+-------+-------+-------+----------------------

Table legend: (Time is in decaauts)
 A = Elapsed time spent in this place.
 B = Non-inter-level travel time spent in this place.
 C = Inter-level travel time spent in this place.
 D = Time resting spent in this place.
 E = Time spent auto-exploring this place.
 F = Levels seen in this place.
 G = Mean time per level.
                   A        B        C        D        E       F      G
               +--------+--------+--------+--------+--------+-----+--------+
         Total |    973 |    963 |     10 |     38 |    715 |   2 |  486.5 |
       Dungeon |    973 |    963 |     10 |     38 |    715 |   2 |  486.5 |
               +--------+--------+--------+--------+--------+-----+--------+

Top non-repeatable levels by time:
     D:1: 825 daAuts
     D:2: 147 daAuts
